 Dungeon Crawl Stone Soup version 0.24.0-123-gd5b16e6ec5 (webtiles) character file.

Game seed: 5483932062578850545, levelgen mode: deterministic

150 Chiseanne the Covered (level 5, -1/42 HPs)
             Began as a Demonspawn Wanderer on Jan 19, 2020.
             Succumbed to a gnoll's poison
             ... on level 3 of the Dungeon.
             The game lasted 00:03:40 (2177 turns).

Chiseanne the Covered (Demonspawn Wanderer)         Turns: 2177, Time: 00:03:41

Health: -1/42      AC: 19    Str: 13    XL:     5   Next: 10%
Magic:  3/5        EV: 11    Int: 14    God:
Gold:   166        SH:  8    Dex: 17    Spells: 4/4 levels left

rFire    . . .     SeeInvis .   a - +2 mace (protect)
rCold    . . .     Gourm    .   x - +0 shield
rNeg     . . .     Faith    .   b - +2 scale mail
rPois    .         Spirit   +   (no helmet)
rElec    .         Reflect  .   (no cloak)
rCorr    .         Harm     .   q - +0 pair of gloves
MR       .....                  (no boots)
Stlth    ++........             (no amulet)
HPRegen  0.14/turn              (no ring)
MPRegen  0.09/turn              (no ring)

@: agile, lethally poisoned (-1 -> -45), sanguine armour
A: powered by death 1, magic shield, sanguine armour 2
a: no special abilities


You were on level 3 of the Dungeon.
You were hungry.

You visited 1 branch of the dungeon, and saw 3 of its levels.

You collected 166 gold pieces.

Inventory:

Hand Weapons
 a - a +2 mace of protection (weapon)
Missiles
 f - 79 stones (quivered)
 g - 58 arrows
 j - 31 bolts
 n - 28 sling bullets
Armour
 b - a +2 scale mail (worn)
 q - a +0 pair of gloves (worn)
 x - a +0 shield (worn)
Jewellery
 r - an uncursed amulet of rage
Scrolls
 c - 2 scrolls of teleportation
 k - 2 scrolls of magic mapping {unknown}
 l - a scroll of enchant armour {unknown}
 p - a scroll of remove curse
 t - 2 scrolls of identify
 u - a scroll of amnesia {unknown}
Potions
 h - a potion of berserk rage {unknown}
 i - a potion of might {unknown}
 o - 4 potions of lignification {unknown}
 s - 2 potions of heal wounds {unknown}
 v - a potion of mutation {unknown}
Comestibles
 d - 5 rations


   Skills:
 * Level 3.9 Fighting
   Level 1.0 Bows
 - Level 1.0 Throwing
 * Level 4.0 Armour
 - Level 1.0 Dodging
 - Level 1.0 Stealth
 * Level 1.4 Shields
 - Level 1.7 Unarmed Combat
 * Level 0.0 Evocations


You had 4 spell levels left.
You didn't know any spells.
Your spell library was empty.

Dungeon Overview and Level Annotations

Branches:
Dungeon (3/15)

Altars:
Dithmenos


Innate Abilities, Weirdness & Mutations

You regenerate a little health from kills.
When hurt, damage is shared between your health and your magic reserves.
When seriously injured, your bleeding wounds create thick armour. (AC +9)


Message History

You are too injured to fight recklessly!
You are too injured to fight recklessly!
You are too injured to fight recklessly!
You are too injured to fight recklessly!
You are too injured to fight recklessly!
You are too injured to fight recklessly!
* * * LOW HITPOINT WARNING * * *
You feel very sick.
The gnoll hits you from afar with a +1 spear of venom.
* * * LOW HITPOINT WARNING * * *
You are more poisoned.
The gnoll closely misses you.
* * * LOW HITPOINT WARNING * * *
You feel very sick.
* * * LOW HITPOINT WARNING * * *
You feel very sick. You block the leopard gecko's attack.
It was a potion of agility.
You feel agile all of a sudden.
You die...

#..#..........
####'#......##
#...........#####
#...............#
#..........####.#
#.....>.......#
#############.#
#.# #@# #l# .
#r####....
#gg.......
#g........
.'.........
###.........
+.........
#$........


You could see 3 gnolls, a leopard gecko and a quokka.

Vanquished Creatures
  A worker ant (D:2)
  A worker ant zombie (D:3)
  4 adders (D:2)
  2 oozes
  2 worms (D:2)
  A leopard gecko (D:1)
  3 giant cockroaches
  4 goblins
  8 hobgoblins
  11 jackals
  A kobold (D:1)
  2 quokkas (D:2)
  A ball python (D:1)
  11 bats
  7 frilled lizards
  4 rats
63 creatures vanquished.

Notes
Turn   | Place    | Note
-------+----------+-------------------------------------------
     0 | D:1      | Chiseanne the Demonspawn Wanderer began the quest for the
                  | Orb.
     0 | D:1      | Chiseanne set off with the following items: a +0 mace, a +2
                  | scale mail, a scroll of teleportation, a ration
     0 | D:1      | Reached XP level 1. HP: 13/13 MP: 1/1
   125 | D:1      | Reached skill level 1 in Fighting
   185 | D:1      | Gained mutation: When seriously injured, your bleeding
                  | wounds create armour. (AC +9) [demonic ancestry]
   185 | D:1      | Reached XP level 2. HP: 15/22 MP: 2/2
   644 | D:1      | Gained mutation: You regenerate a little health from kills.
                  | [demonic ancestry]
   644 | D:1      | Reached XP level 3. HP: 27/28 MP: 3/3
  1226 | D:2      | Gained mutation: When seriously injured, your bleeding
                  | wounds create thick armour. (AC +9) [demonic ancestry]
  1226 | D:2      | Reached XP level 4. HP: 19/35 MP: 4/4
  1672 | D:2      | Reached skill level 1 in Shields
  1931 | D:2      | Reached skill level 4 in Armour
  2040 | D:3      | Found a shadowy altar of Dithmenos.
  2053 | D:3      | Gained mutation: When hurt, damage is shared between your
                  | health and your magic reserves. [demonic ancestry]
  2053 | D:3      | Reached XP level 5. HP: 41/42 MP: 5/5
  2176 | D:3      | HP: 2/42 [poisoned by a gnoll]
  2177 | D:3      | Succumbed to a gnoll's poison

Levels and vault maps discovered:
D:1:      minmay_arrival_plants_in_alcoves, layout_basic,
          kennysheep_another_room, minmay_splitting_lines, minmay_pentomino_v2
D:2:      layout_loops_ring, minmay_split_cup_small
D:3:      layout_basic, nicolae_dithmenos_through_a_glass_darkly, uniq_sigmund

Skill      XL: |  1  2  3  4 |
---------------+-------------+-----
Fighting       | 1 2 3 |  3.9
Shields        | 1 |  1.4
Armour         | 4 |  4.0
Bows           | |  1.0
Throwing       | |  1.0
Dodging        | |  1.0
Stealth        | |  1.0
Unarmed Combat | |  1.7

Action                   |  1- 3 |  4- 6 || total
-------------------------+-------+-------++-------
Melee: Mace              |   119 |    97 ||   216
  Use: Scroll            |     2 |       ||     2
       Potion            |       |     1 ||     1
  Eat: Chunk             |     1 |     3 ||     4
Armor: Scale mail        |   129 |   144 ||   273
Dodge: Dodged            |   125 |    96 ||   221
Block: Buckler           |       |    26 ||    26
       Shield            |       |    29 ||    29
